 Dungeon Crawl Stone Soup version 0.30.1 (webtiles) character file.

Game seed: 10350970922813643549

149 Heoruswealwe the Slicer (level 5, -2/41 HPs)
             Began as a Gnoll Wanderer on July 10, 2023.
             Killed by divine providence
             ... invoked by an orc priest
              (12 damage)
             ... on level 3 of the Dungeon.
             The game lasted 00:20:42 (1557 turns).

Heoruswealwe the Slicer (Gnoll Wanderer)            Turns: 1557, Time: 00:20:43

Health: -2/41      AC:  7    Str:  9    XL:     5   Next: 31%
Magic:  12/12      EV: 12    Int: 12    God:
Gold:   102        SH:  0    Dex: 15    Spells: 13/14 levels left

rFire   . . .        a - +1 short sword (venom)
rCold   . . .        (no shield)
rNeg    . . .        c - +0 robe
rPois   .            g - +1 hat
rElec   .            (no cloak)
rCorr   +            f - +2 pair of gloves
SInv    +            e - +0 pair of boots
Will    .....        (no amulet)
Stlth   +++          k - ring of see invisible
HPRegen 0.26/turn    j - ring of resist corrosion
MPRegen 0.13/turn

%: no passive effects
@: no status effects
A: fangs 1, strong nose, distributed training
a: no special abilities


You were on level 3 of the Dungeon.
You visited 1 branch of the dungeon, and saw 3 of its levels.

You collected 102 gold pieces.

Inventory:

Hand Weapons
 a - a +1 short sword of venom (weapon)
 v - a +8 club
Armour
 c - a +0 robe (worn)
 e - a +0 pair of boots (worn)
 f - a +2 pair of gloves (worn)
 g - a +1 hat (worn)
Jewellery
 j - a ring of resist corrosion (right hand)
 k - a ring of see invisible (left hand)
Scrolls
 b - a scroll of blinking {unknown}
 i - a scroll of butterflies {unknown}
 n - a scroll of enchant weapon {unknown}
 r - a scroll of amnesia {unknown}
 s - a scroll of identify {unknown}
 t - a scroll of enchant armour {unknown}
 u - a scroll of poison {unknown}
Potions
 d - 2 potions of heal wounds
 h - a potion of flight {unknown}
 l - a potion of invisibility {unknown}
 m - 3 potions of curing {unknown}
 o - a potion of resistance {unknown}
 p - 2 potions of haste {unknown}
 q - a potion of might {unknown}


   Skills:
 + Level 3.0 Fighting
 + Level 8.6 Short Blades
 + Level 1.5 Long Blades
 + Level 1.5 Axes
 + Level 1.5 Maces & Flails
 + Level 1.5 Polearms
 + Level 1.5 Staves
 + Level 1.5 Ranged Weapons
 + Level 1.5 Throwing
 + Level 3.0 Armour
 + Level 1.5 Dodging
 + Level 4.4 Stealth
 + Level 1.5 Shields
 + Level 1.5 Unarmed Combat
 + Level 5.2 Spellcasting
 + Level 1.2 Conjurations
 + Level 1.2 Hexes
 + Level 1.2 Summonings
 + Level 1.2 Necromancy
 + Level 1.2 Translocations
 + Level 1.2 Transmutations
 + Level 1.2 Fire Magic
 + Level 1.2 Ice Magic
 + Level 1.2 Air Magic
 + Level 1.2 Earth Magic
 + Level 1.2 Poison Magic
 + Level 1.7 Invocations
 + Level 1.5 Evocations


You had 13 spell levels left.
You knew the following spells:

 Your Spells              Type           Power      Damage    Failure   Level
a - Foxfire               Conj/Fire      24%        2x1d5     12%         1

Your spell library contained the following spells:

 Spells                   Type           Power      Damage    Failure   Level
 Ignite Poison            Fire/Tmut/Pois 6%         N/A       34%         3


Dungeon Overview and Level Annotations

Branches:
Dungeon (3/15)

Altars:
Nemelex Xobeh


Innate Abilities, Weirdness & Mutations

You have very sharp teeth.
Your uncanny sense of smell can sniff out nearby items.
Your experience applies equally to all skills.


Message History

You hit the orc priest.
The orc priest looks as sick as possible!
The orc priest is almost dead.
You kill the orc priest!
The orc priest completely misses you.
Your Fighting skill increases to level 3!
Your Armour skill increases to level 3!
You hit the orc.
The orc is heavily wounded.
The orc priest misses you. The orc misses you.
You hit the orc but do no damage.
The orc is poisoned.
You punch the orc.
You kill the orc!
The orc priest calls down the wrath of Beogh upon you.
Beogh smites you!
You hit the orc priest.
The orc priest is lightly wounded.
The orc priest calls down the wrath of Beogh upon you.
Pain shoots through your body!
* * * LOW HITPOINT WARNING * * *
You hit the orc priest but do no damage.
The orc priest is poisoned.
The orc priest is lightly wounded.
You closely miss the orc priest.
The orc priest is lightly wounded.
The orc priest hits you with a +0 trident.
* * * LOW HITPOINT WARNING * * *
You hit the orc priest.
The orc priest looks as sick as possible!
You bite the orc priest.
The orc priest is heavily wounded.
You hit the orc priest.
The orc priest looks as sick as possible!
Your bite misses the orc priest.
The orc priest is severely wounded.
The orc priest barely misses you.
You closely miss the orc priest.
The orc priest is almost dead.
The orc priest invokes the aid of Beogh against you.
Beogh smites you!
You die...

#### ...## ##.[# .##.###
..#.†.## .####..#
)#..##.#
.'...#.#################
.##.##..........@o.?..>#
#.###..#####...)...###.#
#.....######.#####.#
##.........#.# .#
.......###.#.# #
.........#.#.#
#........#.#.#
.........#.#.#
.######.##.#.#


You could see an orc priest (extremely poisoned).

Vanquished Creatures
  An orc priest (D:3)
  Jessica (D:3)
  Natasha (D:3)
  An adder (D:2)
  2 orcs (D:3)
  5 bats
  6 endoplasms
  2 giant cockroaches (D:2)
  9 goblins
  5 hobgoblins
  3 jackals (D:1)
  A quokka (D:2)
  4 ball pythons
  3 frilled lizards
  6 kobolds
  4 rats
54 creatures vanquished.

Notes
Turn   | Place    | Note
-------+----------+-------------------------------------------
     0 | D:1      | Heoruswealwe the Gnoll Wanderer began the quest for the
                  | Orb.
     0 | D:1      | Heoruswealwe set off with the following items: a +0 rapier,
                  | a +0 pair of gloves, a potion of heal wounds, a +0 robe;
                  | and the following spell memorised: Foxfire; and the
                  | following spells available to memorise: Ignite Poison.
     0 | D:1      | Reached XP level 1. HP: 17/17 MP: 6/6
   162 | D:1      | Reached XP level 2. HP: 20/23 MP: 7/7
   577 | D:1      | Reached skill level 5 in Spellcasting
   577 | D:1      | Reached XP level 3. HP: 28/28 MP: 7/9
   802 | D:2      | Reached skill level 1 in Invocations
   805 | D:2      | Found a faded altar of an unknown god.
   970 | D:2      | Reached skill level 1 in Long Blades
   970 | D:2      | Reached skill level 1 in Axes
   970 | D:2      | Reached skill level 1 in Maces & Flails
   970 | D:2      | Reached skill level 1 in Polearms
   970 | D:2      | Reached skill level 1 in Staves
   970 | D:2      | Reached skill level 1 in Ranged Weapons
   970 | D:2      | Reached skill level 1 in Throwing
   970 | D:2      | Reached skill level 1 in Dodging
   970 | D:2      | Reached skill level 1 in Shields
   970 | D:2      | Reached skill level 1 in Unarmed Combat
   970 | D:2      | Reached skill level 1 in Evocations
  1355 | D:3      | Reached XP level 4. HP: 34/34 MP: 11/11
  1446 | D:3      | Noticed Jessica
  1453 | D:3      | Noticed Natasha
  1457 | D:3      | Killed Jessica
  1458 | D:3      | Reached skill level 1 in Conjurations
  1458 | D:3      | Reached skill level 1 in Hexes
  1458 | D:3      | Reached skill level 1 in Summonings
  1458 | D:3      | Reached skill level 1 in Necromancy
  1458 | D:3      | Reached skill level 1 in Translocations
  1458 | D:3      | Reached skill level 1 in Transmutations
  1458 | D:3      | Reached skill level 1 in Fire Magic
  1458 | D:3      | Reached skill level 1 in Ice Magic
  1458 | D:3      | Reached skill level 1 in Air Magic
  1458 | D:3      | Reached skill level 1 in Earth Magic
  1458 | D:3      | Reached skill level 1 in Poison Magic
  1463 | D:3      | Killed Natasha
  1481 | D:3      | Found a sparkling altar of Nemelex Xobeh.
  1501 | D:3      | Reached XP level 5. HP: 36/40 MP: 12/12
  1557 | D:3      | Killed from afar by an orc priest

Illustrated notes

Levels and vault maps discovered:
D:1:      kennysheep_arrival_forest, layout_basic
D:2:      layout_rooms, chequers_ecumenical_altar_simple,
          nicolae_concentric_dashed_squares_mild, minivault_24, minmay_unequal
D:3:      layout_basic, mainiacjoe_overflow_surrounded_room,
          nemelex_dance_club_becter, uniq_jessica, uniq_natasha

Skill      XL: |  1  2  3  4  5 |
---------------+----------------+-----
Spellcasting   | 5 |  5.2
Invocations    | 1 |  1.7
Long Blades    | 1 |  1.5
Axes           | 1 |  1.5
Maces & Flails | 1 |  1.5
Polearms       | 1 |  1.5
Staves         | 1 |  1.5
Ranged Weapons | 1 |  1.5
Throwing       | 1 |  1.5
Dodging        | 1 |  1.5
Shields        | 1 |  1.5
Unarmed Combat | 1 |  1.5
Evocations     | 1 |  1.5
Conjurations   | 1 |  1.2
Hexes          | 1 |  1.2
Summonings     | 1 |  1.2
Necromancy     | 1 |  1.2
Translocations | 1 |  1.2
Transmutations | 1 |  1.2
Fire Magic     | 1 |  1.2
Ice Magic      | 1 |  1.2
Air Magic      | 1 |  1.2
Earth Magic    | 1 |  1.2
Poison Magic   | 1 |  1.2
Fighting       | 3 |  3.0
Armour         | 3 |  3.0
Short Blades   | |  8.6
Stealth        | |  4.4

Action                     |  1- 3 |  4- 6 || total
---------------------------+-------+-------++-------
  Melee: Rapier            |    87 |       ||    87
         Bite              |     4 |     3 ||     7
         Short sword       |    10 |    42 ||    52
         Punch             |     2 |     2 ||     4
   Stab: Sleeping          |    12 |     1 ||    13
         Distracted        |       |     1 ||     1
 Armour: Robe              |    19 |     5 ||    24
  Dodge: Dodged            |    35 |    22 ||    57
